[Event "Reykjavik Open 2024"]
[Site "Reykjavik"]
[Date "2024.03.16"]
[Round "2.29"]
[White "Haldorsen, Benjamin"]
[Black "Ornolfsson, Magnus P."]
[Result "1-0"]
[ECO "C77"]
[WhiteElo "2426"]
[BlackElo "2163"]
[Annotator "TA"]
[PlyCount "99"]
[EventDate "2024.03.12"]
[EventCountry "ISL"]
[SourceTitle "playchess.com"]
[Source "ChessBase"]
[SourceQuality "1"]
[TimeControl "40/5400+30:1800+30"]

1. e4 e5 2. Nf3 Nc6 3. Bb5 a6 4. Ba4 Nf6 5. d3 b5 6. Bb3 Bc5 7. Bg5 h6 8. Bh4 d6 9. c3 O-O {[%emt 0:01:45] The position is equal.} 10. O-O g5 11. Bg3 Bg4 12. h3 Bh5 13. Nbd2 Qd7 14. Re1 Rfe8 15. Nf1 Bb6 16. Ne3 Bg6 17. a4 Rab8 18. axb5 axb5 19. h4 g4 20. Nh2 h5 21. Kh1 Bxe3 22. fxe3 Kg7 23. Nf1 Ra8 24. Nd2 Rxa1 25. Qxa1 d5 26. exd5 Nxd5 27. e4 Nf4 28. d4 Nd3 29. Re3 Nc5 {[%emt 0:00:11] Excellent horsemanship.} 30. d5 Nxb3 (30... f6 $11 {remains equal.}) 31. Nxb3 $16 Nb8 32. Nc5 {[%emt 0:03:26] Black is weak on the dark squares} (32. Qa5 $1 $16) 32... Qd6 $11 33. b4 Nd7 34. Nxd7 Qxd7 35. c4 bxc4 36. Bxe5+ Kh7 37. Qd4 $36 {[%emt 0:01:24][%cal Oh1h2][%mdl 2048] White is pushing.} Qe7 38. Bf6 Qxb4 39. e5 Ra8 {[%emt 0:03:30] ...Qb1+ is the strong threat.} 40. d6 {[%emt 0:02:17] [#]} g3 $2 41. Rxg3 $18 {[%emt 0:31:03] Threatens to win with d7.} (41. dxc7 {gets mated.} Qb1+) 41... c5 42. Qe3 Ra1+ $2 {[%emt 0:03:15] Loses the game.} (42... c3 $16 {is tougher.} 43. Qxc3 Qd4) 43. Kh2 {[%emt 0:00:00] And now e6 would win.} Qb1 {[%emt 0:01:26][%csl Ga1][%cal Rb1h1] [#]} 44. Rxg6 $1 Qh1+ (44... Qxg6 45. d7) 45. Kg3 fxg6 46. d7 ({And not} 46. Qxc5 Qe1+ 47. Kh2 Qh1+ 48. Kg3 Qe1+ 49. Kh2 Qh1+ 50. Kg3 $11) 46... Ra2 {[%emt 0:02:01] [#]} 47. Qf3 $1 {[%emt 0:00:00] White mates.} Qe1+ 48. Kh2 Rd2 49. d8=Q Rxd8 50. Qb7+ {[%emt 0:00:00] Weighted Error Value: White=0.07 (flawless) /Black=0.45.  Loses game:     	---       	Black=2      Mistake:       	White=1     	Black=1      Inaccurate:     	White=3     	Black=3      OK:         	White=18    	Black=15     Best:        	White=2     	Black=2      Brilliant:      	White=1     	---} 1-0

[Event "Reykjavik Open 2024"]
[Site "Reykjavik"]
[Date "2024.03.16"]
[Round "2.30"]
[White "Johannsson, Birkir Isak"]
[Black "Salimova, Nurgyul"]
[Result "0-1"]
[ECO "E06"]
[WhiteElo "2161"]
[BlackElo "2426"]
[Annotator "RC"]
[PlyCount "164"]
[EventDate "2024.03.12"]
[EventCountry "ISL"]
[SourceTitle "playchess.com"]
[Source "ChessBase"]
[SourceQuality "1"]
[TimeControl "40/5400+30:1800+30"]

1. Nf3 d5 2. d4 Nf6 3. c4 e6 4. g3 Be7 5. Bg2 O-O 6. Nc3 a5 7. O-O c6 8. Re1 Nbd7 9. Nd2 b5 10. cxb5 cxb5 11. Nxb5 Qb6 12. a4 Ba6 13. e4 dxe4 14. Nxe4 Nxe4 15. Bxe4 Rad8 16. Qe2 Nf6 17. Bg2 Nd5 18. Bd2 Rd7 19. Rac1 Rb8 20. Red1 Bxb5 21. axb5 Qxb5 22. Qxb5 Rxb5 23. Bf1 Rxb2 24. Bxa5 g6 25. h4 Kg7 26. Bg2 Ra2 27. Be1 Bf6 28. Bf3 h5 29. Rd3 Ra4 30. Rcd1 Ne7 31. Bc3 Rc4 32. Ba1 Ra7 33. Bb2 Ra2 34. Bc3 Nf5 35. Be4 Nd6 36. Bf3 Nb5 37. Bd2 Nxd4 38. Bg2 Rac2 39. Be3 Nf5 40. Bd2 Ra4 41. Bh3 Nd4 42. Be3 Nf3+ 43. Kf1 Ne5 44. Rb3 Nc4 45. Rd7 Ra6 46. Kg1 Rb2 47. Rxb2 Bxb2 48. Bc5 Rc6 49. Ba7 Bf6 50. Bg2 Ra6 51. Bf1 Ra1 52. Kg2 Ne5 53. Rc7 Rd1 54. Bb5 Rd5 55. Rb7 Be7 56. Be8 Kf8 57. Ba4 Bd6 58. Be3 Ng4 59. Ba7 Bc5 60. Bb3 Rf5 61. Bxc5+ Rxc5 62. Bd1 Ne5 63. Rb2 Kg7 64. Ra2 Rc3 65. Be2 Nc6 66. Bf1 Nd4 67. Be2 e5 68. Bf1 Nf5 69. Be2 e4 70. Rd2 e3 71. fxe3 Rxe3 72. Bf3 Rc3 73. Kf2 Kh6 74. Ra2 f6 75. Rb2 Ra3 76. Kg2 Ne3+ 77. Kf2 Nc4 78. Rc2 Ne5 79. Be2 f5 80. Rb2 Nd7 81. Bf3 Nc5 82. Rc2 Nd3+ 0-1

[Event "Reykjavik Open 2024"]
[Site "Reykjavik"]
[Date "2024.03.16"]
[Round "2.31"]
[White "Mai, Alexander Oliver"]
[Black "Katz, Alexander"]
[Result "0-1"]
[ECO "B00"]
[WhiteElo "2160"]
[BlackElo "2418"]
[Annotator "TA"]
[PlyCount "60"]
[EventDate "2024.03.12"]
[EventCountry "ISL"]
[SourceTitle "playchess.com"]
[Source "ChessBase"]
[SourceQuality "1"]
[TimeControl "40/5400+30:1800+30"]

1. e4 Nc6 2. Nf3 d6 3. d4 Nf6 4. Nc3 g6 5. d5 Nb8 6. Be3 Bg7 7. Qd2 O-O 8. Bh6 {[%emt 0:01:37] White is slightly better.} c6 9. h3 a6 10. O-O-O b5 11. Bxg7 Kxg7 12. dxc6 (12. g4 $14) 12... Nxc6 $11 13. e5 dxe5 $15 14. Qxd8 Rxd8 15. Rxd8 Nxd8 16. Nxe5 Bb7 17. Rg1 Ne6 18. g3 Rc8 19. a3 Nd4 20. Bg2 {[%emt 0:04:40] Prevents Nd5} (20. Bd3 $1 $15) 20... Bxg2 21. Rxg2 a5 {[%emt 0:00:17] [#] ...b4 would now be deadly. Black is more active.} 22. f4 b4 23. axb4 axb4 24. Nb1 {[%emt 0:01:32] Loses the game.} (24. Rd2 $17) 24... Nd5 25. Rf2 Ne3 {[%emt 0:06:06][%cal Rd4b3] [#]} 26. Kd2 Ndxc2 27. Re2 $2 (27. Ke2 {was worth a try.}) 27... Nf1+ $19 28. Kd3 b3 29. Nd2 (29. g4 $142) 29... Nxg3 30. Rg2 (30. Rh2 $142) 30... Ne1+ {[%emt 0:01:38] Weighted Error Value: White=0.56/Black=0.08 (flawless) .  Mistake:       	White=7     	---        Inaccurate:     	White=1     	Black=1      OK:         	White=4     	Black=11     Best:        	White=4     	Black=3} 0-1

[Event "Reykjavik Open 2024"]
[Site "Reykjavik"]
[Date "2024.03.16"]
[Round "2.32"]
[White "Garifullina, Leya"]
[Black "Pujari, Rucha"]
[Result "1-0"]
[ECO "C95"]
[WhiteElo "2413"]
[BlackElo "2147"]
[Annotator "TA"]
[PlyCount "81"]
[EventDate "2024.03.12"]
[EventCountry "ISL"]
[SourceTitle "playchess.com"]
[Source "ChessBase"]
[SourceQuality "1"]
[TimeControl "40/5400+30:1800+30"]

1. e4 e5 2. Nf3 Nc6 3. Bb5 a6 4. Ba4 Nf6 5. O-O Be7 6. Re1 b5 7. Bb3 d6 8. c3 O-O 9. h3 Nb8 10. d4 Nbd7 11. Nbd2 Bb7 12. Bc2 Re8 13. Nf1 Bf8 14. Ng3 g6 15. a4 c5 16. d5 c4 17. Be3 Qc7 18. Nh2 h5 19. Nf3 Nc5 {[%emt 0:04:26] The position is equal.} 20. Qd2 Rab8 21. Ra3 bxa4 (21... Rec8 $11 {keeps the balance.}) 22. Bxc5 Qxc5 23. Bxa4 Red8 24. Rea1 Be7 (24... Rdc8 $14) 25. Qe2 $16 Rdc8 26. R1a2 ({Better is} 26. Nd2 $16) 26... Bd8 27. Nf1 h4 28. N3d2 Nh5 $2 {[%emt 0:01:58] [#] Black cannot hold the game after this.} (28... Ba8 $14) 29. Ne3 $18 Nf4 30. Qxc4 Qa7 31. Qf1 a5 32. Bb5 {[%emt 0:02:38][%cal Ba4b5,Bb5a6,Ba6c4][%mdl 32] Inhibits Ba6.} Ba8 33. Ba6 Rc5 34. Nb3 Bb6 35. Nxc5 {[%emt 0:00:07] White is clearly winning.} Bxc5 36. Rxa5 Bxe3 37. Bc4 Bxf2+ 38. Qxf2 Qb7 39. Rb5 Qc8 40. Rxb8 Qxb8 41. Qa7 {[%emt 0:30:07] Weighted Error Value: White=0.20 (precise) /Black=0.59.  Loses game:     	---       	Black=1      Mistake:       	White=1     	Black=3      Inaccurate:     	White=2     	Black=4      OK:         	White=8     	Black=3      Best:        	White=1     	---} 1-0

[Event "Reykjavik Open 2024"]
[Site "Reykjavik"]
[Date "2024.03.16"]
[Round "2.33"]
[White "Duong, Thanh Nha"]
[Black "Jin, Yueheng"]
[Result "0-1"]
[ECO "D53"]
[WhiteElo "2144"]
[BlackElo "2404"]
[Annotator "TA"]
[PlyCount "96"]
[EventDate "2024.03.12"]
[EventCountry "ISL"]
[SourceTitle "playchess.com"]
[Source "ChessBase"]
[SourceQuality "1"]
[TimeControl "40/5400+30:1800+30"]

1. Nf3 Nf6 2. c4 e6 3. Nc3 d5 4. d4 Be7 5. Bg5 h6 6. Bh4 dxc4 7. e3 c5 8. dxc5 Qxd1+ 9. Rxd1 {[%emt 0:00:30] The position is equal.} Nbd7 10. Bxc4 (10. Be2 {simplifies} O-O 11. Bxc4 Nxc5 12. O-O) 10... Nxc5 11. Ne5 a6 {[%emt 0:09:05] Prevents Bb5+.} 12. a3 b5 13. Ba2 Bb7 (13... g5 $5 14. Bg3 $8 Bb7 $11) 14. f3 Rc8 15. Bf2 Ncd7 16. Nxd7 Nxd7 17. Rc1 Bf6 18. Ke2 Nb6 19. Rc2 (19. e4 $11 Nd7 20. Rhd1) 19... Na4 $15 20. Rhc1 {[%emt 0:10:12] [#]} Nxb2 {[%emt 0:10:01] Black is more active.} (20... Nxc3+ $1 $17 21. bxc3 Be7) 21. Ne4 (21. Be1 $1 $11 {is superior.} Nc4 22. Ne4 Bxe4 23. fxe4) 21... Rxc2+ 22. Rxc2 {[%emt 0:00:00] Nxf6+ would now be deadly.} Bxe4 23. Rc8+ Bd8 24. fxe4 Na4 {[%emt 0:18:47] White must now prevent ...Kd7.} 25. Be1 {[%emt 0:02:54] Black keeps a firm grip on the game.} ({White should play} 25. Kf3 $1 $15) 25... Kd7 $17 26. Ra8 {[%emt 0:01:07][%cal Oa2b1] [#]} Kc6 $1 {[%emt 0:01:04] aiming for ...Kb7.} 27. Ba5 (27. Rc8+ $17 {might work better.} Kb7 28. Rc2) 27... Bxa5 $19 28. Rxh8 {[%emt 0:00:06][%mdl 4096] Endgame. KRB-KBN} Nc3+ 29. Kd3 Nxa2 30. Rf8 Bc3 {[%emt 0:04:37] And now ...Bb2 would win.} (30... b4 31. axb4 Nxb4+ 32. Kc3) 31. Rxf7 {[%emt 0:00:28] [#]} Bf6 $1 32. Ra7 Kb6 33. Rd7 b4 34. axb4 Nxb4+ 35. Ke2 $2 (35. Kc4 Nc6 36. Rd2) 35... Nc6 36. Rd6 (36. e5 $142 Bxe5 37. Kd3) 36... Kc7 37. e5 Bxe5 38. Rxe6 Bxh2 39. Re4 Kb6 40. Kd3 Kb5 41. Rh4 Be5 {[%emt 0:00:26] Strongly threatening ...a5.} 42. Rh1 $2 (42. Kc2) 42... a5 43. Ke4 Bf6 {[%emt 0:00:25] Threatens to win with ...a4.} 44. Kd5 a4 {[%emt 0:00:28] ( -> ...a3)} 45. e4 a3 {[%emt 0:00:28] Black mates.} 46. Rc1 Nb4+ 47. Kd6 a2 48. Rc5+ Kb6 {[%emt 0:00:13] Weighted Error Value: White=0.71/Black=0.16 (very precise) .  Mistake:       	White=7     	Black=1      Inaccurate:     	White=1     	Black=2      OK:         	White=13    	Black=16     Best:        	---       	Black=7      Strong:       	---       	Black=2} 0-1

[Event "Reykjavik Open 2024"]
[Site "Reykjavik"]
[Date "2024.03.16"]
[Round "2.34"]
[White "Thorfinnsson, Bragi"]
[Black "Bergsson, Stefan"]
[Result "1-0"]
[ECO "E73"]
[WhiteElo "2397"]
[BlackElo "2144"]
[Annotator "TA"]
[PlyCount "83"]
[EventDate "2024.03.12"]
[EventCountry "ISL"]
[SourceTitle "playchess.com"]
[Source "ChessBase"]
[SourceQuality "1"]
[TimeControl "40/5400+30:1800+30"]

1. d4 Nf6 2. c4 g6 3. Nc3 Bg7 4. e4 d6 5. Be2 O-O 6. h4 c5 7. d5 h5 8. Nf3 Bg4 9. O-O Nbd7 {[%emt 0:01:33] White is slightly better.} 10. Bg5 a6 11. a4 Qb6 12. Ra3 e6 (12... Qxb2 $2 13. Rb3 Nxe4 14. Rxb2 $18 (14. Nxe4 Qa2 $18)) 13. Rb3 Qc7 14. dxe6 fxe6 15. Qd2 (15. Bxf6 $14 Bxf6 16. Ng5 Bxg5 17. hxg5) 15... Bxf3 $1 $11 16. Bxf3 Ne5 17. Be2 Nc6 18. Be3 Ng4 19. Bxg4 hxg4 20. Qe2 g3 21. fxg3 Rxf1+ 22. Qxf1 Rf8 23. Qe2 Bd4 {[%emt 0:10:09] [#] Hoping for ...Na5.} 24. Nd1 d5 $2 25. Kh2 $2 (25. cxd5 Qxg3 26. Nf2 (26. dxc6 Be5 $11) 26... exd5 27. exd5 Be5) (25. exd5 $18 exd5 26. cxd5) 25... Na5 26. Rd3 dxe4 27. Rxd4 cxd4 28. Bxd4 Nc6 (28... Qxc4 $2 29. Qxe4 Kf7 30. Ne3 $18) (28... e5 $11 29. Bc3 Nxc4 (29... Qxc4 $2 30. Qg4 $16)) 29. Bc3 $14 Qf7 30. Qxe4 ({White should play} 30. Ne3 $14 e5 31. Qg4) 30... Qf5 $11 31. Qe3 $40 {[%emt 0:00:43][%mdl 128] White has some attack.} e5 32. b4 Rd8 ({Black should try} 32... Qc2 $11 33. Qg5 Qe4 (33... Qxd1 34. Qxg6+ Kh8 35. Qh6+ Kg8 36. Qg6+ Kh8 37. Qh6+ Kg8 38. Qg6+ $11)) 33. Nf2 $14 Nd4 (33... g5 $142) 34. Ne4 $16 Nc2 $2 (34... Kg7 {is tougher.} 35. b5 axb5) 35. Qb6 $1 $18 Rf8 {[%emt 0:00:46] [#]} 36. Ng5 (36. Qxb7 Ne3 37. Nd2 (37. Be1 $2 Ng4+ 38. Kh3 Nf2+ 39. Kh2 Qxe4 $19) 37... Ng4+ (37... Qc2 38. Qb6 $11) 38. Kh3 Rd8 $19) 36... Nd4 37. Qxb7 Rc8 38. c5 (38. b5 $142 a5 39. Bxa5 (39. Qd5+ Kg7 $18)) 38... Ne2 39. Qd5+ {[%emt 0:00:10] White mates.} Kf8 40. Bxe5 Re8 41. Bd6+ Kg7 42. Qb7+ {[%emt 0:00:08] Weighted Error Value: White=0.15 (very precise) /Black=0.52.  Loses game:     	---       	Black=1      Missed win:     	White=1     	---        Mistake:       	White=2     	Black=4      Inaccurate:     	White=2     	Black=3      OK:         	White=10    	Black=6      Best:        	White=4     	Black=1      Strong:       	---       	Black=1} 1-0

[Event "Reykjavik Open 2024"]
[Site "Reykjavik"]
[Date "2024.03.16"]
[Round "2.35"]
[White "Manucharyan, Andriy"]
[Black "Tania, Sachdev"]
[Result "0-1"]
[ECO "E11"]
[WhiteElo "2080"]
[BlackElo "2393"]
[Annotator "TA"]
[PlyCount "118"]
[EventDate "2024.03.12"]
[EventCountry "ISL"]
[SourceTitle "playchess.com"]
[Source "ChessBase"]
[SourceQuality "1"]
[TimeControl "40/5400+30:1800+30"]

1. d4 Nf6 2. c4 e6 3. g3 d5 4. Nf3 Bb4+ 5. Bd2 a5 6. Bg2 O-O 7. O-O dxc4 8. Ne5 ({Weiss braucht} 8. e3 $1 $11) 8... Qxd4 $15 9. Bxb4 Qxd1 {[%emt 0:00:31] Schwarz steht besser.} (9... Qxe5 $2 10. Bxf8 Bd7 11. Ba3 $18 (11. Bxb7 Ra7 $18)) 10. Rxd1 axb4 11. Nxc4 Nbd7 12. Nbd2 Ra7 13. Nb3 c5 14. Nd6 b6 15. Nb5 Ra4 16. Nc7 (16. Nd6 $1 $11) 16... Ne5 $17 {[%emt 0:03:47] ...Bd7 ist eine echte Drohung.} 17. Nc1 (17. Na8 $17 {war einen Versuch wert.} Ra6 18. a3) 17... Ra7 18. Nb5 Rd7 19. Rxd7 Bxd7 (19... Nexd7 20. a3 $15) 20. Nd6 Ne8 21. Ne4 Nc4 22. Nd3 Bb5 23. a4 bxa3 24. bxa3 Ned6 25. a4 {[%emt 0:01:14] Nxd6 wäre nun fies.} Nxe4 26. Bxe4 Bd7 27. a5 Nd2 (27... bxa5 28. Nxc5 Bb5 29. Bd3 $11) (27... Nxa5 $15 28. Nxc5 bxc5 29. Rxa5 Rc8) 28. Bb7 (28. Ne5 $1 $11 Bb5 29. Bb7 bxa5 (29... Bxe2 30. axb6 Rd8 31. Bg2 $18) 30. Rxa5 Bxe2 31. Rxc5) 28... Nb3 29. Ra3 Nxa5 30. Nxc5 Nc4 31. Rc3 bxc5 32. Rxc4 {[%emt 0:00:05][%mdl 4096] Endspiel. KRB-KRB} Rb8 33. Bf3 Rc8 34. Kf1 Kf8 35. Ke1 Ke7 36. Kd2 Kd6 37. Rc2 Rb8 38. Kc3 Bc6 39. Rd2+ {[%emt 0:01:00] [#]} (39. Bxc6 $15 Kxc6 40. Ra2) 39... Kc7 (39... Bd5 $1 $17 40. Bg2 (40. e4 $2 Rb3+ 41. Kc2 Rxf3 $19) 40... f5) 40. Bxc6 $15 Kxc6 {[%emt 0:00:02] KR-KR} 41. Ra2 $1 {[%emt 0:30:58] Wehrt Ra8 ab} h5 42. e3 g5 43. h3 Rb1 ({Günstiger ist} 43... g4 $17 44. hxg4 hxg4) 44. Ra7 $1 Rb7 45. Ra4 f5 46. h4 $2 {[%emt 0:00:00][%mdl 8192] [#] Davon erholt Weiß sich nicht mehr.} (46. Ra8 $17 {ist zäher.}) 46... g4 $1 $19 47. e4 Kb5 {[%emt 0:01:14] Wehrt Ra6 ab} 48. Kb3 Rd7 49. exf5 exf5 {[%emt 0:00:23] Droht ...Rd3+ und aus.} 50. Ra8 (50. Ra2 $142 Rd3+ 51. Kc2) 50... Rd3+ 51. Kc2 Rf3 52. Rh8 Rxf2+ 53. Kd1 Kc4 54. Rxh5 Kd3 55. Ke1 {[%emt 0:00:39] Es drohte Rf1+} Rf3 56. Rh8 Rxg3 57. Rf8 Ke3 58. Re8+ Kf4 {[%emt 0:00:43] Zielt auf ...Rg1+ ab.} 59. Rc8 Rc3 {[%emt 0:00:23] Gewichteter Fehlerwert: Weiß=0.75/Schwarz=0.16 (sehr präzise) .  Verlustzug:     	Weiß=1     	---        Fehler:       	Weiß=6     	Schwarz=3     Ungenau:       	Weiß=3     	Schwarz=4     OK:         	Weiß=10    	Schwarz=14    Bester:       	Weiß=2     	Schwarz=4     Stark:        	Weiß=2     	Schwarz=1} (59... Rg1+ $142 60. Ke2 Rc1 61. h5 g3 62. Kd2 g2 63. Kxc1 g1=Q+ (63... g1=R+ 64. Kd2 $11) 64. Kc2 Qf2+ 65. Kb3 Qd4 66. Rf8 c4+ 67. Ka4 Qd7+ 68. Kb4 Qe7+ 69. Kxc4 Qxf8 70. Kd5 Ke3 71. Ke6 Ke4 72. h6 Qxh6+ 73. Kf7 Kd5 74. Kg8 Qg5+ 75. Kh8 Ke6 76. Kh7 Kf6 77. Kh8 Qg7#) 0-1

[Event "Reykjavik Open 2024"]
[Site "Reykjavik"]
[Date "2024.03.16"]
[Round "2.36"]
[White "Lu, Miaoyi"]
[Black "Baldursson, Rani"]
[Result "1-0"]
[ECO "B22"]
[WhiteElo "2392"]
[BlackElo "1989"]
[Annotator "TA"]
[PlyCount "67"]
[EventDate "2024.03.12"]
[EventCountry "ISL"]
[SourceTitle "playchess.com"]
[Source "ChessBase"]
[SourceQuality "1"]
[TimeControl "40/5400+30:1800+30"]

1. e4 c5 2. Nf3 g6 3. c3 d5 4. exd5 Qxd5 5. d4 Nc6 6. Be3 cxd4 7. cxd4 Bg7 8. Nc3 {[%emt 0:00:24] White is slightly better.} Qa5 9. d5 {[%emt 0:00:17] Inhibits Be6.} Nb8 (9... Bxc3+ $6 10. bxc3 Nb8 11. Qd2 $16) 10. Rc1 Bd7 (10... Nf6 $14) 11. Qb3 $16 b5 12. Bd2 Qb6 (12... b4 $16 {was called for.}) 13. Nxb5 $18 (13. Bxb5 $6 Nf6 14. Be3 Qd8 $18) 13... Na6 {[%emt 0:02:18] Against Nc7+} 14. Bf4 (14. d6 $18 {has better winning chances.}) 14... Qa5+ $16 15. Bd2 $2 {[%emt 0:03:04] White is much more active.} (15. Nc3 $16 {And now Qb7 would win.} Rc8 16. Ne5) 15... Qb6 $18 {[%emt 0:00:32] White stays focused until the end.} 16. Qa4 Rb8 {[%emt 0:08:20] [#]} (16... Nc5 $142 17. Qa5 Rc8 18. Qxa7 Qxa7 19. Nxa7 Ra8 20. Rxc5 Rxa7) 17. Qxa6 $3 Bxb5 18. Rc8+ Kd7 19. Rxb8 Bxa6 20. Rxb6 Bxf1 21. Rb3 Bxg2 22. Rg1 Bxf3 23. Rxf3 Bxb2 $2 (23... Nf6 24. Ra3 Nxd5 25. Rxa7+ Ke6 26. Ra6+ Ke5) 24. Rb3 Be5 25. Rb7+ Kd6 26. Rg5 $2 (26. Bb4+ Kxd5 27. Rb5+ (27. Rxa7 Bxh2 28. Rh1 Bf4 $18) 27... Ke6 28. Rxe5+ Kxe5 29. Bc3+ Ke6 30. Bxh8) 26... f5 27. f4 $36 {[%emt 0:05:00][%mdl 2048] Black is under strong pressure.} Bd4 {[%emt 0:02:15] [#]} (27... Ba1 $142 28. Rg3 (28. Rxa7 Nf6 $18) 28... Nf6) 28. Rg3 $1 Nf6 {[%emt 0:01:17] [#]} 29. Rd3 $1 Bc5 (29... Kc5 30. Ke2 (30. Rxa7 Kc4 $18) 30... Re8 31. Rxa7 e5 32. Rc7+ (32. dxe6 Rxe6+ 33. Kd1 Kc4 $18) 32... Kd6 33. Rc6+ Kxd5 34. Rxf6 e4 35. Rxd4+ Kxd4) 30. Bc3 {[%emt 0:00:07][%csl Gf4][%cal Rc3e5] White is clearly winning.} Bg1 31. Be5+ Kc5 32. Rc7+ Kb6 33. Rxe7 Rf8 34. Re6+ {[%emt 0:00:05] Weighted Error Value: White=0.40/Black=0.50.  Loses game:     	---       	Black=1      Missed win:     	White=1     	---        Mistake:       	White=2     	Black=5      Inaccurate:     	White=2     	Black=2      OK:         	White=9     	Black=9      Best:        	White=3     	Black=4      Strong:       	White=2     	---} 1-0

[Event "Reykjavik Open 2024"]
[Site "Reykjavik"]
[Date "2024.03.16"]
[Round "2.37"]
[White "Shivika Rohilla"]
[Black "Thorhallsson, Throstur"]
[Result "0-1"]
[ECO "A13"]
[WhiteElo "2003"]
[BlackElo "2388"]
[Annotator "TA"]
[PlyCount "78"]
[EventDate "2024.03.12"]
[EventCountry "ISL"]
[SourceTitle "playchess.com"]
[Source "ChessBase"]
[SourceQuality "1"]
[TimeControl "40/5400+30:1800+30"]

1. Nf3 d5 2. c4 dxc4 3. Qa4+ Nd7 4. Qxc4 e6 5. g3 a6 6. Qc2 b5 7. Bg2 Bb7 8. O-O Ngf6 9. a4 c5 10. Nc3 Qb6 11. d3 Be7 12. Qb3 b4 13. a5 Qd8 {[%emt 0:04:38] The position is equal.} 14. Nb1 O-O 15. Nbd2 Rc8 16. Nc4 Bc6 17. Qc2 Qc7 18. Bf4 Qa7 19. Rfe1 Nd5 20. Bd6 Bxd6 21. Nxd6 Rb8 22. e4 Ne7 23. b3 ({White should play} 23. d4 $14) 23... Qc7 $15 24. Nc4 Nc8 (24... Bb5 $15) 25. Qd2 Bb5 26. e5 Bc6 27. Qf4 Ne7 28. Qg5 Ng6 (28... Nf5 $17) 29. Nh4 Bxg2 (29... h6 {simplifies} 30. Qh5 Bxg2 31. Kxg2 Ne7) 30. Kxg2 {[%emt 0:01:13] [#]} Ngxe5 $1 31. Nxe5 (31. Rxe5 f6 32. Qe3 Nxe5 $19) 31... f6 32. Qg4 Nxe5 33. Qxe6+ Qf7 34. Qxa6 (34. Qxf7+ $15 Kxf7 35. Nf5) 34... Qxb3 $17 35. Qd6 {[%emt 0:01:34] Against Qd5+} (35. Kg1 $142) 35... Rbd8 (35... Qxd3 36. Qxc5 Rfc8 37. Qe7 Qd5+ 38. Kg1) (35... Nxd3 36. Re7 Rbd8 37. Qc7 Qd5+ 38. Kg1 $11) 36. Qc7 {[%emt 0:01:52] [#]} (36. Qxc5 $2 Nxd3 37. Qb6 Qd5+ (37... Nxe1+ $2 38. Rxe1 Qd5+ 39. Nf3 $19) 38. Nf3 Nxe1+ 39. Rxe1 Rb8 $19) (36. Reb1 Rxd6 (36... Qxd3 $2 37. Qxc5 b3 38. Qa3 $19) 37. Rxb3 Rxd3 (37... Nxd3 38. Nf5 $17) 38. Rb2) 36... Qd5+ $19 {[%emt 0:00:22] Black is clearly winning.} (36... Rxd3 37. Qxc5 Rc3 38. Qb5 $11) (36... Qxd3 37. Rad1 Rd7 (37... Qxd1 38. Rxd1 Rxd1 39. Qxc5 $14) (37... Rc8 38. Qxe5 fxe5 39. Rxd3 $11) 38. Qxc5 $11) (36... Nxd3 37. Re7 Qd5+ 38. Kg1 $11) 37. Kg1 g5 (37... Qxd3 38. Rad1 Qxd1 39. Rxd1 Rxd1+ 40. Kg2 $11) ({Weaker is} 37... Nxd3 38. Re7 Qg5 39. Nf3 $11 (39. a6 b3 $11)) 38. f4 Rd7 39. Qb6 Nxd3 {[%emt 0:00:45] Weighted Error Value: White=0.79/Black=0.13 (very precise) .  Mistake:       	White=4     	Black=2      Inaccurate:     	White=6     	Black=1      OK:         	White=11    	Black=12     Best:        	---       	Black=3} 0-1